 Dungeon Crawl Stone Soup version 0.25-a0-504-g768f60da87 (webtiles) character file.

Game seed: 1150671225860183249, levelgen mode: deterministic

254 Emblim88 the Ducker (level 5, -3/28 HPs)
             Began as a Spriggan Monk on Feb 14, 2020.
             Slain by an orc
             ... wielding a +0 flail
              (13 damage)
             ... on level 3 of the Dungeon.
             The game lasted 00:04:48 (3641 turns).

Emblim88 the Ducker (Spriggan Monk)                 Turns: 3641, Time: 00:04:49

Health: -3/28      AC:  2    Str:  7    XL:     5   Next: 91%
Magic:  6/6        EV: 23    Int: 12    God:
Gold:   199        SH:  0    Dex: 19    Spells: 4/4 levels left

rFire    . . .     SeeInvis +   a - +0 falchion
rCold    . . .     Gourm    .   (shield restricted)
rNeg     . . .     Faith    .   b - +0 robe
rPois    .         Spirit   .   (helmet restricted)
rElec    .         Reflect  .   (no cloak)
rCorr    +         Harm     +   (gloves unavailable)
MR       .....                  (boots unavailable)
Stlth    ++........             u - amulet of harm
HPRegen  0.09/turn              s - ring of resist corrosion
MPRegen  0.10/turn              (no ring)

@: lightly drained, very quick
A: very small, unfitting armour, see invisible, herbivore, speed 3, slow
metabolism 2
a: no special abilities


You were on level 3 of the Dungeon.
You were very hungry.

You visited 1 branch of the dungeon, and saw 4 of its levels.

You collected 199 gold pieces.

Inventory:

Hand Weapons
 a - a +0 falchion (weapon)
 g - a +0 dagger
Missiles
 h - 115 stones (quivered)
Armour
 b - a +0 robe (worn)
Jewellery
 s - a ring of resist corrosion (left hand)
 u - an amulet of harm (around neck)
Scrolls
 d - 5 scrolls of remove curse
 e - a scroll of teleportation {unknown}
 i - 2 scrolls of random uselessness {unknown}
 k - a scroll of amnesia {unknown}
 l - a scroll of noise {unknown}
 m - a scroll of immolation {unknown}
 p - a scroll of magic mapping {unknown}
 q - a scroll of enchant armour {unknown}
 r - a scroll of identify {unknown}
 t - a scroll of blinking {unknown}
Potions
 f - a potion of lignification
 j - a potion of might {unknown}
 n - a potion of resistance {unknown}
Comestibles
 c - 4 rations


   Skills:
 * Level 3.6(3.2) Fighting
 + Level 3.3(2.9) Long Blades
 * Level 7.3(6.8) Dodging
 - Level 3.0(2.6) Stealth


You had 4 spell levels left.
You didn't know any spells.
Your spell library was empty.

Dungeon Overview and Level Annotations

Branches:
Dungeon (4/15)
 Temple: D:4-7

Altars:
Yredelemnul


Innate Abilities, Weirdness & Mutations

You are very small and have problems with some larger weapons.
You are too small for most types of armour.
You have supernaturally acute eyesight. (SInv)
You are a herbivore.
You cover ground extremely quickly.
You need to consume almost no food.


Message History

The orc is heavily wounded.
You hit the orc but do no damage.
The orc is heavily wounded.
The orc misses you.
You hit the orc but do no damage.
The orc is heavily wounded.
The orc misses you.
You riposte.
You hit the orc but do no damage.
The orc is heavily wounded.
You hit the orc but do no damage.
The orc is heavily wounded.
The orc closely misses you.
You completely miss the orc.
The orc is heavily wounded.
The orc completely misses you.
You barely miss the orc.
The orc is heavily wounded.
You completely miss the orc.
The orc is heavily wounded.
The orc hits you with a +0 flail!
You die...

#........# #.#...............
###........#####.##..............
................[########.#.####.
............##..>..#......#.#....
............#.............#.#....
..#.........#..##....####.#......
..#.........#..#).......#.#......
..#.........#..#o#....#.#.#.#####
......#+#+#.#..#@#....#.#.#.#
...####.#.#.#..#.#.#....#.#.#####
....# #.#.#.#..#.#.#.............
....# #.#...............#.#.#####
....###'#.###..#.#........#.#
..........#.#..#.#....#...#.#
..........#.#..#.#.#.#...##.#####
..........#.#..#.#.#.#...##......
..........#.#..#.........##.#####


You could see an orc.

Vanquished Creatures
  An ogre (D:3)
  8 adders
  6 worms (D:3)
  4 dart slugs
  A leopard gecko (D:1)
  6 orcs
  6 giant cockroaches
  4 goblins
  9 hobgoblins
  6 kobolds
  2 quokkas
  A ball python (D:2)
  7 bats
  3 frilled lizards
  6 rats
70 creatures vanquished.

Notes
Turn   | Place    | Note
-------+----------+-------------------------------------------
     0 | D:1      | Emblim88 the Spriggan Monk began the quest for the Orb.
     0 | D:1      | Reached XP level 1. HP: 11/11 MP: 2/2
   211 | D:1      | Reached XP level 2. HP: 16/16 MP: 3/3
   252 | D:1      | Reached skill level 5 in Dodging
   562 | D:1      | Reached XP level 3. HP: 19/19 MP: 4/4
  1534 | D:2      | Reached skill level 6 in Dodging
  1534 | D:2      | Reached XP level 4. HP: 19/23 MP: 5/5
  2813 | D:3      | Reached XP level 5. HP: 20/28 MP: 6/6
  3290 | D:4      | Noticed an ogre
  3306 | D:3      | Killed an ogre
  3306 | D:3      | Reached skill level 7 in Dodging
  3314 | D:4      | Found a basalt altar of Yredelemnul.
  3641 | D:3      | Slain by an orc

Levels and vault maps discovered:
D:1:      dpeg_arrival_simpleton_b, layout_basic, serial_bayou_ford_a
D:2:      layout_rooms, serial_forest, infiniplex_forest_fountain,
          infiniplex_forest_clump_double, infiniplex_forest_corner_2,
          infiniplex_forest_straight_2, infiniplex_forest_side_room
D:3:      layout_basic, minmay_fractal_squares_5
D:4:      layout_rooms, yredelemnul_altar_generic, first_ration,
          gammafunk_ghost_abyssal_escape, st_stairs_4

Skill      XL: |  1  2  3  4  5 |
---------------+----------------+-----
Dodging        | 5 6 7 |  7.3
Fighting       | 3 |  3.6
Long Blades    | 3 |  3.3
Stealth        | |  3.0

Action                   |  1- 3 |  4- 6 || total
-------------------------+-------+-------++-------
Melee: Falchion          |   103 |   178 ||   281
Throw: Stone             |       |     7 ||     7
  Use: Potion            |     1 |     2 ||     3
       Scroll            |       |     1 ||     1
 Stab: Sleeping          |     6 |     3 ||     9
       Distracted        |     1 |       ||     1
Armor: Robe              |     6 |     7 ||    13
       Skin              |     2 |       ||     2
Dodge: Dodged            |    95 |   186 ||   281
       Rpst.: Falchion   |    30 |    57 ||    87

Table legend:
 A = Non-vault XP
 B = Vault XP
 C = Vault XP percentage of total XP
 D = Non-vault monster count
 E = Vault monster count
 F = Vault count percentage of total count
                 A         B        C        D         E       F
            +---------+---------+-------+---------+---------+-------
      Total |     347 |      17 |   4.7 |      67 |       3 |   4.3
            +---------+---------+-------+---------+---------+-------
        D:1 |      51 |       0 |   0.0 |      26 |       0 |   0.0
        D:2 |      71 |       0 |   0.0 |      16 |       0 |   0.0
        D:3 |     200 |      17 |   7.8 |      20 |       3 |  13.0
        D:4 |      25 |       0 |   0.0 |       5 |       0 |   0.0
            +---------+---------+-------+---------+---------+-------
